Map: Eternal Empire LE

Players

Mortlock - Winner!

  • Race: Terran Terran
  • League: Silver
  • Spawn Location: 1:00

A.I. 1 (Hard)

  • Race: Zerg Zerg
  • Spawn Location: 7:00

VOD

Have the link to the VOD?

Description

Time

  • Played on: Dec. 28, 2019, 7:40 a.m.
  • Length: 11:15
Show
View Real Time Build Order
Export as new Build Order

Mortlock Terran - Winner!

Build Orders:  

Get SALT Encoding   

  12  0:01  SCV  
  13  0:13  SCV  
  14  0:17  Supply Depot  
  14  0:25  SCV  
  15  0:28  Refinery  
  15  0:38  SCV  
  16  0:46  Barracks  
  16  0:50  SCV  
  17  1:03  SCV  
  18  1:15  SCV  
  19  1:32  Orbital Command  
  19  1:34  Barracks Reactor  
  19  1:44  Command Center  
  19  1:53  Supply Depot  
  19  2:02  Factory  
  19  2:06  SCV  
  20  2:12  Refinery  
  20  2:18  SCV  
  21  2:26  Marine x2  
  23  2:30  SCV  
  24  2:42  SCV  
  25  2:44  Marine x2  
  25  2:47  Factory Tech Lab  
  25  2:49  Starport  
  27  2:54  SCV  
  28  3:02  Orbital Command  
  28  3:06  SCV  
  28  3:11  Siege Tank  
  32  3:17  Marine x2  
  34  3:20  SCV  
  35  3:32  SCV  
  35  3:33  Starport Reactor  
  36  3:35  Marine x2  
  38  3:42  Supply Depot  
  38  3:44  SCV  
  39  3:50  Supply Depot  
  39  3:59  SCV  
  39  4:00  SCV  
  41  4:05  Supply Depot, Marine x2  
  41  4:07  Siege Tank  
  46  4:11  SCV  
  46  4:12  SCV  
  46  4:14  Supply Depot  
  48  4:23  SCV  
  49  4:24  SCV  
  49  4:25  Marine x2  
  49  4:28  Medivac x2  
  56  4:35  SCV  
  57  4:39  Siege Tank, SCV  
  61  4:47  SCV  
  61  4:49  Supply Depot  
  61  4:52  Supply Depot  
  62  4:58  Medivac  
  64  5:01  Marine x2  
  66  5:10  Refinery  
  66  5:11  Refinery  
  66  5:14  Barracks  
  66  5:16  Barracks  
  66  5:18  Engineering Bay  
  66  5:19  Marine  
  67  5:23  SCV  
  68  5:38  Marine x2  
  68  5:40  Siege Tank, Medivac  
  75  5:53  SCV x2  
  77  5:58  Terran Infantry Weapons Level 1  
  77  6:02  Engineering Bay  
  77  6:03  Barracks Tech Lab  
  77  6:04  Barracks Tech Lab  
  77  6:05  SCV x2  
  79  6:11  Barracks  
  79  6:14  Barracks  
  79  6:17  SCV x2  
  81  6:30  Supply Depot  
  81  6:32  Supply Depot  
  81  6:37  Supply Depot  
  81  6:38  Supply Depot  
  81  6:40  Supply Depot  
  81  6:43  Supply Depot  
  81  6:47  Supply Depot  
  81  6:49  Supply Depot  
  81  6:51  Supply Depot  
  81  6:52  Marine x2  
  81  6:53  Marine x2  
  85  6:58  Siege Tank  
  85  7:01  Barracks Reactor  
  88  7:02  Barracks Reactor  
  88  7:05  Stimpack  
  88  7:08  Combat Shield  
  88  7:10  Marine x3  
  88  7:13  Terran Infantry Armor Level 1  
  91  7:19  Armory  
  91  7:32  Marine x4  
  91  7:34  Siege Tank  
  98  7:37  Medivac  
  98  7:40  Medivac  
  102  7:47  Marine  
  102  7:49  Marine x2  
  102  7:51  Marine  
  105  7:52  Marine  
  105  7:54  Marine  
  105  7:56  Marine  
  105  7:58  Marine  
  110  8:06  Siege Tank  
  113  8:26  Marine  
  113  8:27  Marine x5  
  115  8:33  Medivac x2  
  125  8:38  Siege Tank  
  128  8:44  Marine x2  
  128  8:45  Marine x2  
  128  8:48  Marine x2  
  132  8:59  Terran Infantry Weapons Level 2  
  132  9:01  Marine x2  
  132  9:02  Marine x3  
  135  9:03  Marine  
  135  9:05  Marine  
  135  9:06  Marine  
  140  9:18  Marine  
  140  9:19  Marine  
  140  9:20  Marine x3  
  139  10:29  Siege Tank  
  139  10:30  Medivac x2  
  139  10:32  Marine x8  
  149  10:49  Marine  
  148  10:50  Marine x7  
Show
View Real Time Build Order
Export as new Build Order

A.I. 1 (Hard) Zerg 

Build Orders: 1 Base Baneling Bust, Pool First 

Get SALT Encoding   

  12  0:00  Drone  
  13  0:12  Overlord  
  13  0:17  Drone  
  14  0:30  Drone  
  14  0:32  Drone  
  16  0:43  Spawning Pool  
  16  0:45  Drone  
  16  0:49  Drone  
  17  0:52  Extractor  
  17  0:55  Drone  
  17  1:06  Overlord  
  17  1:29  Queen  
  17  1:31  Zergling x2  
  20  1:37  Roach Warren, Zergling x2  
  20  1:38  Drone  
  21  1:43  Extractor  
  20  1:49  Drone  
  21  1:59  Drone  
  22  2:17  Roach  
  24  2:23  Roach  
  26  2:31  Overlord  
  28  2:37  Roach  
  28  2:43  Roach  
  30  2:49  Drone  
  30  2:50  Roach  
  33  2:54  Overlord  
  33  3:05  Drone  
  34  3:08  Roach  
  34  3:12  Drone  
  37  3:13  Roach  
  37  3:16  Overlord  
  39  3:27  Drone  
  39  3:28  Baneling Nest  
  39  3:38  Evolution Chamber, Drone  
  39  3:40  Roach, Drone  
  42  3:43  Drone  
  43  3:50  Drone  
  44  4:00  Drone  
  44  4:11  Zergling x2  
  44  4:13  Drone  
  46  4:46  Lair  
  46  4:47  Zerg Melee Weapons Level 1  
  46  4:48  Evolution Chamber  
  46  4:51  Overlord  
  45  4:55  Drone  
  46  5:13  Zerg Ground Armor Level 1  
  46  5:30  Spore Crawler, Zergling x2  
  46  5:33  Drone  
  35  5:38  Roach  
  37  5:44  Burrow  
  37  5:45  Overseer x2, Hydralisk Den  
  37  5:46  Roach  
  38  5:54  Roach  
  40  6:00  Spore Crawler  
  40  6:02  Roach, Drone  
  42  6:10  Roach  
  44  6:17  Hydralisk  
  46  6:20  Infestation Pit  
  46  6:21  Drone  
  46  6:25  Hydralisk  
  46  6:26  Hatchery  
  47  6:33  Hydralisk  
  47  6:36  Drone  
  50  6:41  Zerg Missile Weapons Level 1  
  50  6:42  Hydralisk  
  52  6:53  Spine Crawler, Drone  
  52  6:54  Queen  
  52  7:00  Spine Crawler  
  53  7:02  Drone  
  54  7:15  Spire  
  53  7:37  Drone  
  53  7:39  Spore Crawler, Drone  
  53  7:40  Drone  
  53  7:43  Spore Crawler  
  54  7:45  Spore Crawler  
  54  7:46  Drone  
  54  7:52  Drone  
  54  7:55  Drone  
  57  7:58  Drone  
  57  8:01  Drone  
  57  8:04  Drone  
  59  8:07  Drone  
  59  8:09  Drone  
  61  8:14  Overlord  
  61  8:17  Drone  
  62  8:20  Drone  
  62  8:22  Drone  
  62  8:25  Drone  
  62  8:26  Drone  
  66  8:30  Drone  
  66  8:33  Drone  
  68  8:36  Overlord  
  68  8:48  Hive  
  68  9:15  Overlord, Extractor  
  66  9:22  Extractor, Zergling x2  
  58  9:43  Drone  
  58  9:44  Overseer, Drone  
  41  9:46  Drone  
  41  9:47  Drone  
  30  10:00  Pneumatized Carapace, Queen, Drone  
  30  10:01  Queen  
  30  10:02  Ultralisk Cavern  
  26  10:08  Hydralisk  
  26  10:13  Hydralisk  
  28  10:18  Zergling x2  
  28  10:21  Hydralisk  
  31  10:25  Roach  
  31  10:27  Overlord  
  34  10:28  Zergling x2  
  25  10:37  Drone  
  15  10:45  Drone  
  8  10:51  Drone  
  6  11:01  Drone  
Tags
 
Add a new tag
Caveats
  • Supply blocks, unpowered buildings, or Contaminate may cause inaccurate times.
  • Supply counts are checked every 10 seconds.